BSA
BAFFIN ISLAND BEAVERS @ ORLANDO CALRISSIAN
03/16/2029
 
TOP OF THE 1ST
Baffin Island Beavers batting - Pitching for Orlando Calrissian : RHP José Castro
Pitching: RHP José Castro
Batting: LHB Norberto Muñóz 0-0: Ball
1-0: Called Strike
1-1: Ball
2-1: Foul Ball, location: 2F
2-2: Ball
3-2: Base on Balls
Batting: RHB Tony Morton 0-0: Ball
Norberto Muñóz is caught stealing 2nd base
1-0: Fly out, F7 (Flyball, 78XD)
Batting: RHB Dave Craig 0-0: Ball
1-0: Ball
2-0: Ground out 4-3 (Groundball, 4)
Top of the 1st over - 0 runs, 0 hits, 0 errors, 0 left on base; Baffin Island 0 - Orlando 0
BOTTOM OF THE 1ST
Orlando Calrissian batting - Pitching for Baffin Island Beavers : RHP Reagan Wear
Pitching: RHP Reagan Wear
Batting: RHB Jesús Gonzáles 0-0: SOLO HOME RUN (Line Drive, 7LD), Distance : 362 ft
Batting: RHB Frederico Hernández 0-0: Ball
1-0: Called Strike
1-1: Foul Ball, location: 2F
1-2: Ball
2-2: Ball
3-2: Fly out, F6 (Flyball, 56D)
Batting: RHB Rich Anderson 0-0: Swinging Strike
0-1: Ball
1-1: Foul Ball, location: 2F
1-2: Fly out, F2 (Popup, 2LF)
Batting: RHB Raúl Canó 0-0: Ball
1-0: Reached on error, E6 (Groundball, 56D)
Batting: SHB Tim Abbott 0-0: Called Strike
0-1: Ball
1-1: Swinging Strike
1-2: Strikes out swinging
Bottom of the 1st over - 1 run, 1 hit, 1 error, 1 left on base; Baffin Island 0 - Orlando 1
TOP OF THE 2ND
Baffin Island Beavers batting - Pitching for Orlando Calrissian : RHP José Castro
Batting: LHB Lorenzo Villa 0-0: Swinging Strike
0-1: Foul Ball, location: 2F
0-2: Ball
1-2: Strikes out swinging
Batting: RHB José García 0-0: Foul Ball, location: 2F
0-1: Swinging Strike
0-2: Ball
1-2: Strikes out swinging
Batting: LHB Howard Evans 0-0: Ball
1-0: SINGLE (Flyball, 7S)
Batting: RHB Felipe Rivera 0-0: Ball
1-0: Fly out, F8 (Flyball, 8RD)
Top of the 2nd over - 0 runs, 1 hit, 0 errors, 1 left on base; Baffin Island 0 - Orlando 1
BOTTOM OF THE 2ND
Orlando Calrissian batting - Pitching for Baffin Island Beavers : RHP Reagan Wear
Batting: LHB Danny Allen 0-0: SINGLE (Groundball, 34D)
Batting: RHB Gabriel Ángel 0-0: Foul Ball, location: 2F
0-1: Ball
1-1: Foul Ball, location: 2F
1-2: Fly out, F7 (Line Drive, 78M)
Batting: SHB Brian Price 0-0: Called Strike
0-1: Grounds into double play, 4-6-3 (Groundball, 4)
Bottom of the 2nd over - 0 runs, 1 hit, 0 errors, 0 left on base; Baffin Island 0 - Orlando 1
TOP OF THE 3RD
Baffin Island Beavers batting - Pitching for Orlando Calrissian : RHP José Castro
Batting: LHB Mike MacFadden 0-0: Ball
1-0: Called Strike
1-1: Called Strike
1-2: Strikes out looking
Batting: RHB Jonathan MacVey 0-0: Ball
1-0: Called Strike
1-1: Ball
2-1: Swinging Strike
2-2: Ball
3-2: Foul Ball, location: 2F
3-2: Foul Ball, location: 2F
3-2: Strikes out swinging
Batting: LHB Norberto Muñóz 0-0: Called Strike
0-1: Ball
1-1: Bunted foul
1-2: Fly out, F7 (Line Drive, 78D)
Top of the 3rd over - 0 runs, 0 hits, 0 errors, 0 left on base; Baffin Island 0 - Orlando 1
BOTTOM OF THE 3RD
Orlando Calrissian batting - Pitching for Baffin Island Beavers : RHP Reagan Wear
Batting: RHB José Pérez 0-0: Ball
1-0: Ground out 4-3 (Groundball, 4)
Batting: RHB Jesús Gonzáles 0-0: Called Strike
0-1: Foul Ball, location: 2F
0-2: Foul Ball, location: 2F
0-2: Ball
1-2: Ball
2-2: Foul Ball, location: 2F
2-2: Foul Ball, location: 2F
2-2: Ground out 1-3 (Groundball, 15S)
Batting: RHB Frederico Hernández 0-0: Foul Ball, location: 2F
0-1: Ball
1-1: Foul Ball, location: 2F
1-2: Strikes out swinging
Bottom of the 3rd over - 0 runs, 0 hits, 0 errors, 0 left on base; Baffin Island 0 - Orlando 1
TOP OF THE 4TH
Baffin Island Beavers batting - Pitching for Orlando Calrissian : RHP José Castro
Batting: RHB Tony Morton 0-0: Ball
1-0: Fly out, F8 (Flyball, 8LD)
Batting: RHB Dave Craig 0-0: Ball
1-0: Called Strike
1-1: Swinging Strike
1-2: Foul Ball, location: 2F
1-2: Ball
2-2: Foul Ball, location: 2F
2-2: SOLO HOME RUN (Flyball, 7D), Distance : 394 ft
Batting: LHB Lorenzo Villa 0-0: Ball
1-0: Foul Ball, location: 2F
1-1: Foul Ball, location: 2F
1-2: Ground out 3-1 (Groundball, 34S)
Batting: RHB José García 0-0: Foul Ball, location: 2F
0-1: Ball
1-1: Fly out, F8 (Flyball, 8RM)
Top of the 4th over - 1 run, 1 hit, 0 errors, 0 left on base; Baffin Island 1 - Orlando 1
BOTTOM OF THE 4TH
Orlando Calrissian batting - Pitching for Baffin Island Beavers : RHP Reagan Wear
Batting: RHB Rich Anderson 0-0: Foul Ball, location: 2F
0-1: Foul Ball, location: 2F
0-2: Ball
1-2: Foul Ball, location: 2F
1-2: Foul Ball, location: 2F
1-2: Ball
2-2: Strikes out swinging
Batting: RHB Raúl Canó 0-0: Swinging Strike
0-1: Foul Ball, location: 2F
0-2: Reached on error, E2 (Groundball, 15S)
Batting: SHB Tim Abbott 0-0: Foul Ball, location: 2F
0-1: Called Strike
0-2: Fly out, F6 (Popup, 56D)
Batting: LHB Danny Allen 0-0: Called Strike
0-1: Ball
1-1: Swinging Strike
1-2: Ball
2-2: Foul Ball, location: 2F
2-2: Reached on error, E3 (Groundball, 34S)
Raúl Canó to third
Batting: RHB Gabriel Ángel 0-0: Called Strike
0-1: Ball
1-1: Ball
2-1: Foul Ball, location: 2F
2-2: Ball
3-2: Base on Balls
Danny Allen to second
Batting: SHB Brian Price 0-0: Called Strike
0-1: Ball
1-1: Ball
2-1: Ball
3-1: Fly out, F4 (Flyball, 4D)
Bottom of the 4th over - 0 runs, 0 hits, 2 errors, 3 left on base; Baffin Island 1 - Orlando 1
TOP OF THE 5TH
Baffin Island Beavers batting - Pitching for Orlando Calrissian : RHP José Castro
Pitching: LHP Richard Dorris
Batting: LHB Howard Evans 0-0: Ball
1-0: Foul Ball, location: 2F
1-1: Foul Ball, location: 2F
1-2: Ball
2-2: Ball
3-2: Foul Ball, location: 2F
3-2: Fly out, F7 (Flyball, 78S)
Batting: RHB Felipe Rivera 0-0: Ball
1-0: SINGLE (Line Drive, 34)
Batting: LHB Mike MacFadden 0-0: Ball
1-0: Ball
2-0: Called Strike
2-1: Called Strike
2-2: Foul Ball, location: 2F
2-2: Fly out, F9 (Line Drive, 9)
Batting: RHB Jonathan MacVey 0-0: Ball
1-0: Foul Ball, location: 2F
1-1: Ball
2-1: Ground out 5-3 (Groundball, 56S)
Top of the 5th over - 0 runs, 1 hit, 0 errors, 1 left on base; Baffin Island 1 - Orlando 1
BOTTOM OF THE 5TH
Orlando Calrissian batting - Pitching for Baffin Island Beavers : RHP Reagan Wear
Pitching: RHP Dave Rhodes
Batting: RHB José Pérez 0-0: Ball
1-0: Swinging Strike
1-1: Foul Ball, location: 2F
1-2: Strikes out looking
Batting: RHB Jesús Gonzáles 0-0: Ball
1-0: Single, Error in OF, E7, batter to second base
Batting: RHB Frederico Hernández 0-0: Swinging Strike
0-1: Ball
1-1: Swinging Strike
1-2: Ball
2-2: Ball
3-2: Foul Ball, location: 2F
3-2: Foul Ball, location: 2F
3-2: Foul Ball, location: 2F
3-2: Base on Balls
Batting: RHB Rich Anderson 0-0: Called Strike
0-1: Ball
1-1: Ball
2-1: Called Strike
2-2: Foul Ball, location: 2F
2-2: Fly out, F9 (Flyball, 89S)
Batting: RHB Raúl Canó 0-0: Called Strike
0-1: Ball
1-1: Ball
2-1: Ball
3-1: Foul Ball, location: 2F
3-2: Foul Ball, location: 2F
3-2: Strikes out swinging
Bottom of the 5th over - 0 runs, 1 hit, 1 error, 2 left on base; Baffin Island 1 - Orlando 1
TOP OF THE 6TH
Baffin Island Beavers batting - Pitching for Orlando Calrissian : LHP Richard Dorris
Batting: LHB Norberto Muñóz 0-0: Called Strike
0-1: Foul Ball, location: 2F
0-2: Ball
1-2: Foul Ball, location: 2F
1-2: Ball
2-2: Ball
3-2: Base on Balls
Pinch Runner at 1st Tomás Díaz:
Batting: RHB Tony Morton 0-0: Ball
Tomás Díaz is caught stealing 2nd base
1-0: Ball
2-0: Reached on error, E8 (Flyball, 8RM)
Batting: RHB Dave Craig 0-0: Ball
1-0: DOUBLE (Line Drive, 7LM)
Tony Morton to third
Pitching: RHP Arthur Melton
Batting: LHB Lorenzo Villa 0-0: Foul Ball, location: 2F
0-1: Foul Ball, location: 2F
0-2: Ball
1-2: Ball
2-2: SINGLE (Flyball, 78S)
Tony Morton scores
Dave Craig to third
Runner from 3rd tries for Home, throw and OUT!
Batting: RHB José García 0-0: Ball
1-0: Fly out, F4 (Line Drive, 4)
Top of the 6th over - 1 run, 2 hits, 1 error, 1 left on base; Baffin Island 2 - Orlando 1
BOTTOM OF THE 6TH
Orlando Calrissian batting - Pitching for Baffin Island Beavers : RHP Dave Rhodes
Now at 1B: Tomás Díaz
Batting: SHB Tim Abbott 0-0: Fly out, F6 (Line Drive, 6)
Batting: LHB Danny Allen 0-0: Called Strike
0-1: Ball
1-1: Foul Ball, location: 2F
1-2: Ground out 6-3 (Groundball, 6)
Batting: RHB Gabriel Ángel 0-0: Ball
1-0: Called Strike
1-1: Foul Ball, location: 2F
1-2: Foul Ball, location: 2F
1-2: Ball
2-2: Strikes out swinging
Bottom of the 6th over - 0 runs, 0 hits, 0 errors, 0 left on base; Baffin Island 2 - Orlando 1
TOP OF THE 7TH
Baffin Island Beavers batting - Pitching for Orlando Calrissian : RHP Arthur Melton
Batting: LHB Howard Evans 0-0: Ball
1-0: Ball
2-0: Ball
3-0: Base on Balls
Batting: RHB Felipe Rivera 0-0: Sac Bunt - play at first, batter OUT! 5-4
Howard Evans to second
Batting: LHB Mike MacFadden 0-0: Intentional Walk
Pinch Runner at 2nd Alden Isenhood:
Pinch Hitting: LHB César Valentín 0-0: Called Strike
0-1: Ball
1-1: Ball
2-1: Called Strike
2-2: Grounds into double play, 4-6-3 (Groundball, 4)
Top of the 7th over - 0 runs, 0 hits, 0 errors, 1 left on base; Baffin Island 2 - Orlando 1
BOTTOM OF THE 7TH
Orlando Calrissian batting - Pitching for Baffin Island Beavers : RHP Dave Rhodes
Now at 2B: Alden Isenhood
Now at 3B: César Valentín
Batting: SHB Brian Price 0-0: Called Strike
0-1: Swinging Strike
0-2: Strikes out looking
Batting: RHB José Pérez 0-0: Ball
1-0: Foul Ball, location: 2F
1-1: Ball
2-1: Swinging Strike
2-2: Foul Ball, location: 2F
2-2: Foul Ball, location: 2F
2-2: Strikes out looking
Pinch Hitting: RHB Chet Decker 0-0: Foul Ball, location: 2F
0-1: Ball
1-1: Foul Ball, location: 2F
1-2: Ball
2-2: Ground out 1-3 (Groundball, 13S)
Bottom of the 7th over - 0 runs, 0 hits, 0 errors, 0 left on base; Baffin Island 2 - Orlando 1
TOP OF THE 8TH
Baffin Island Beavers batting - Pitching for Orlando Calrissian : RHP Arthur Melton
Now at 2B: Keith Sims
Batting: RHB Tomás Díaz 0-0: Called Strike
0-1: Foul Ball, location: 2F
0-2: Strikes out looking
Batting: RHB Tony Morton 0-0: Ground out 4-3 (Groundball, 4)
Batting: RHB Dave Craig 0-0: Called Strike
0-1: Ball
1-1: Called Strike
1-2: Ball
2-2: Foul Ball, location: 2F
2-2: Foul Ball, location: 2F
2-2: Ball
3-2: Base on Balls
Batting: RHB Pedro Molina 0-0: Swinging Strike
0-1: Foul Ball, location: 2F
0-2: DOUBLE (Flyball, 78XD)
Dave Craig to third
Runner from 3rd tries for Home, throw and OUT!
Top of the 8th over - 0 runs, 1 hit, 0 errors, 1 left on base; Baffin Island 2 - Orlando 1
BOTTOM OF THE 8TH
Orlando Calrissian batting - Pitching for Baffin Island Beavers : RHP Dave Rhodes
Pitching: RHP Beau Brown
Pinch Hitting: LHB Juan Colón 0-0: Ball
1-0: Ball
2-0: Ball
3-0: Called Strike
3-1: Swinging Strike
3-2: Base on Balls
Pinch Runner at 1st Earl Godwin:
Batting: RHB Rich Anderson 0-0: Ball
1-0: Called Strike
1-1: Ball
2-1: Ball
3-1: Foul Ball, location: 2F
3-2: Grounds into double play, 5-4-3 (Groundball, 56)
Pinch Hitting: LHB Juan Jose Pineda 0-0: Fly out, F9 (Flyball, 89XD)
Bottom of the 8th over - 0 runs, 0 hits, 0 errors, 0 left on base; Baffin Island 2 - Orlando 1
TOP OF THE 9TH
Baffin Island Beavers batting - Pitching for Orlando Calrissian : RHP Arthur Melton
Pitching: RHP Dave Heath
Now in LF: Earl Godwin
Now in RF: Juan Jose Pineda
Batting: RHB José García 0-0: Foul Ball, location: 2F
0-1: Fly out, F9 (Line Drive, 9)
Batting: RHB Alden Isenhood 0-0: Foul Ball, location: 2F
0-1: Ball
1-1: Swinging Strike
1-2: Ball
2-2: Ball
3-2: Foul Ball, location: 2F
3-2: Ground out 3-1 (Groundball, 34)
Batting: RHB Felipe Rivera 0-0: Ball
1-0: Swinging Strike
1-1: Called Strike
1-2: Foul Ball, location: 2F
1-2: Fly out, F5 (Line Drive, 5)
Top of the 9th over - 0 runs, 0 hits, 0 errors, 0 left on base; Baffin Island 2 - Orlando 1
BOTTOM OF THE 9TH
Orlando Calrissian batting - Pitching for Baffin Island Beavers : RHP Beau Brown
Pitching: LHP Brent Miller
Pinch Hitting: SHB Javier Jiménez 0-0: Swinging Strike
0-1: Swinging Strike
0-2: Ball
1-2: Strikes out looking
Batting: RHB Robby Lewis 0-0: Ball
1-0: Ball
2-0: Foul Ball, location: 2F
2-1: Foul Ball, location: 2F
2-2: Strikes out swinging
Pinch Hitting: LHB Zack Payton 0-0: Ball
1-0: Ball
2-0: Fly out, F8 (Flyball, 8LM)
Bottom of the 9th over - 0 runs, 0 hits, 0 errors, 0 left on base; Baffin Island 2 - Orlando 1
Saturday, December 16th, 2017 - OOTP Baseball 18.8 Build 76